 Dungeon Crawl Stone Soup version 0.32-a0-40-g2adb59ae06 (webtiles) character file.

Game seed: 3999857997822586152

3636 jlumianski the Martial Artist (level 10, 0/76 HPs)
             Began as a Gnoll Shapeshifter on Jan 24, 2024.
             Was a Follower of Wu Jian.
             Slain by a yak (11 damage)
             ... on level 8 of the Dungeon on Jan 25, 2024.
             The game lasted 00:49:20 (7229 turns).

jlumianski the Martial Artist (Gnoll Shapeshifter)  Turns: 7229, Time: 00:49:21

Health: 0/76       AC:  8    Str: 14    XL:     10   Next: 11%
Magic:  17/17      EV: 14    Int:  9    God:    Wu Jian [*.....]
Gold:   497        SH:  5    Dex: 16    Spells: 19/19 levels left

rFire   + .          .
                       - Unarmed
rCold   . . .        (no shield)
rNeg    . . .        y - +2 ring mail {rF+}
rPois   .            (helmet currently unavailable)
rElec   .            (cloak currently unavailable)
rCorr   +            (gloves currently unavailable)
SInv    .            (boots currently unavailable)
Will    +....        B - amulet of reflection
Stlth   ++           e - ring of willpower
HPRegen 0.32/turn    u - ring of resist corrosion
MPRegen 0.15/turn

%: reflection
@: beast-form
A: beast (slay +4), fangs 1, strong nose, distributed training
a: Begin Untransformation, Renounce Religion


You were on level 8 of the Dungeon.
You worshipped Wu Jian.
Wu Jian was aware of your devotion.
You were a hulking beast.
You visited 2 branches of the dungeon, and saw 10 of its levels.
You also visited: Sewer.

You collected 497 gold pieces.

Inventory:

Hand Weapons
 g - a +2 arbalest
 I - a +1 war axe of flaming
Missiles
 q - a curare-tipped dart
 v - 2 boomerangs (quivered)
 E - 5 javelins
 L - 2 poisoned darts
Armour
 a - a +0 animal skin
 h - an orb of energy
 m - a +0 ring mail
 p - a +1 ring mail of willpower
 y - a +2 ring mail of fire resistance (worn)
 z - a +1 pair of gloves
 A - a +3 leather armour
 G - +0 steam dragon scales
 M - a +0 helmet
Magical Staves
 n - a staff of fire
 x - a staff of fire
Jewellery
 e - a ring of willpower (left hand)
 u - a ring of resist corrosion (right hand)
 B - an amulet of reflection (around neck)
 F - a ring of fire
Talismans
 c - a beast talisman
 d - a flux talisman
Wands
 C - a wand of flame (8)
 J - a wand of roots (8)
Scrolls
 f - 3 scrolls of vulnerability
 i - 4 scrolls of teleportation
 o - a scroll of fear
 r - 6 scrolls of poison
 D - a scroll of revelation
 H - a scroll of blinking
 K - a scroll of noise {unknown}
Potions
 b - a potion of might {unknown}
 j - 2 potions of heal wounds
 k - a potion of mutation {unknown}
 l - a potion of degeneration {unknown}
 s - 3 potions of resistance
 t - a potion of attraction {unknown}
 w - a potion of enlightenment
 N - a potion of ambrosia


   Skills:
 + Level 5.8 Fighting
 + Level 5.1 Short Blades
 + Level 5.1 Long Blades
 + Level 5.1 Axes
 + Level 5.1 Maces & Flails
 + Level 5.1 Polearms
 + Level 5.1 Staves
 + Level 5.1 Ranged Weapons
 + Level 5.1 Throwing
 + Level 5.1 Armour
 + Level 7.0 Dodging
 + Level 5.1 Stealth
 + Level 5.1 Shields
 + Level 8.4 Unarmed Combat
 + Level 5.1 Spellcasting
 + Level 4.2 Conjurations
 + Level 4.2 Hexes
 + Level 4.2 Summonings
 + Level 4.2 Necromancy
 + Level 4.2 Translocations
 + Level 4.2 Fire Magic
 + Level 4.2 Ice Magic
 + Level 4.2 Air Magic
 + Level 4.2 Earth Magic
 + Level 4.2 Alchemy
 + Level 5.6 Invocations
 + Level 5.1 Evocations
 + Level 8.1 Shapeshifting


You had 19 spell levels left.
You didn't know any spells.
Your spell library contained the following spells:

 Spells                   Type           Power      Damage    Failure   Level
 Dazzling Flash           Conj/Hex       20%        N/A       24%         3
 Mephitic Cloud           Conj/Alch/Air  10%        N/A       24%         3
 Curse of Agony           Necr           10%        N/A       92%         5
 Silence                  Hex/Air        5%         N/A       92%         5


Dungeon Overview and Level Annotations

Branches:
Dungeon (9/15)             Temple (1/1) D:4           Sewer (visited)
   Lair: D:8-11         Orc: D:9-12

Altars:
Ashenzari
Cheibriados
Dithmenos
Elyvilon
Fedhas
Gozag
Hepliaklqana
Kikubaaqudgha
Makhleb
Nemelex Xobeh
Okawaru
Qazlal
Ru
Sif Muna
Trog
Uskayaw
Vehumet
Wu Jian
Xom
Yredelemnul
Zin
The Shining One

Shops:
D:5 (


Innate Abilities, Weirdness & Mutations

You are a hulking beast.
Your limbs bulge with bestial killing power. (Slay +4)
You have very sharp teeth.
Your uncanny sense of smell can sniff out nearby items.
Your experience applies equally to all skills.


Message History

The yak is lightly wounded.
The yak gores you.
You barely miss the yak.
The yak is lightly wounded.
You barely miss the yak.
The yak is lightly wounded.
The yak gores you!
You punch the yak! Your bite misses the yak.
The yak is heavily wounded.
The yak closely misses you.
You hit the yak.
The yak is heavily wounded.
The yak barely misses you.
You hit the yak. Your bite misses the yak.
The yak is severely wounded.
The yak gores you.
You punch the yak!
The yak is almost dead.
The yak gores you!
You punch the yak!
You kill the yak!
The Council accepts your kill.
Your Dodging skill increases to level 7!
You hit the yak but do no damage. You punch the yak!
The yak is lightly wounded.
The yak gores you.
* * * LOW HITPOINT WARNING * * *
You hit the yak but do no damage.
The yak is lightly wounded.
The yak gores you.
* * * LOW HITPOINT WARNING * * *
You hit the yak. Your bite misses the yak.
The yak is moderately wounded.
The yak gores you!
* * * LOW HITPOINT WARNING * * *
You punch the yak!
The yak is heavily wounded.
The yak gores you!
You die...

##.<.Y.Y.# ..
#...#..#...# ..
#...)....#...# .###
..#...#..#...# # ..# .
.∆#...##..#.## #.#.# #
.... ##.#.# #.#[# #
##.. #.#.. ##.#)### ##
#Y### #......# # #.
#h## #.....)# #.#. #..#
#...[..# #.#.###.#
##....... #....<#.#
#.####.#..<
#.....#.###...####.#.[.
##......#..............
##.............###.....
#......................
#.................###..


You could see a yak.

Vanquished Creatures
  Grinder (D:4)
  A hornet (D:8)
  4 yaks
  2 steam dragons
  Menkaure (D:7)
  5 water moccasins
  An orc warrior (D:7)
  An ogre (D:5)
  A centaur (D:6)
  A phantom (D:6)
  A kobold brigand (D:6)
  2 scorpions
  A gnoll sergeant (D:8)
  2 bullfrogs (Sewer)
  4 wights (D:8)
  A bombardier beetle (D:4)
  A gnoll bouda (D:6)
  2 orc priests (D:5)
  4 hounds
  2 iguanas
  5 orc wizards
  8 adders
  17 gnolls
  3 shadow imps
  A white imp (D:6)
  2 ufetubi (D:7)
  8 dart slugs
  2 ribbon worms
  22 orcs
  12 ball pythons
  7 bats
  13 endoplasms
  10 giant cockroaches
  6 goblins
  5 hobgoblins
  4 jackals (D:1)
  A quokka (D:2)
  14 frilled lizards
  8 kobolds
  12 rats
198 creatures vanquished.

Notes
Turn   | Place    | Note
-------+----------+-------------------------------------------
     0 | D:1      | jlumianski the Gnoll Shapeshifter began the quest for the
                  | Orb.
     0 | D:1      | Reached XP level 1. HP: 17/17 MP: 1/1
   162 | D:1      | Reached XP level 2. HP: 23/23 MP: 2/2
   451 | D:1      | Reached XP level 3. HP: 28/28 MP: 3/3
   719 | D:2      | Reached skill level 1 in Invocations
   740 | D:3      | Found a burning altar of Makhleb.
   740 | D:3      | Noticed a blizzard demon
   740 | D:3      | Noticed a ynoxinul
   747 | D:3      | Found a glowing drain.
   758 | D:3      | Reached skill level 1 in Short Blades
   758 | D:3      | Reached skill level 1 in Long Blades
   758 | D:3      | Reached skill level 1 in Axes
   758 | D:3      | Reached skill level 1 in Maces & Flails
   758 | D:3      | Reached skill level 1 in Polearms
   758 | D:3      | Reached skill level 1 in Staves
   758 | D:3      | Reached skill level 1 in Ranged Weapons
   758 | D:3      | Reached skill level 1 in Throwing
   758 | D:3      | Reached skill level 1 in Armour
   758 | D:3      | Reached skill level 1 in Stealth
   758 | D:3      | Reached skill level 1 in Shields
   758 | D:3      | Reached skill level 1 in Spellcasting
   758 | D:3      | Reached skill level 1 in Evocations
   773 | D:3      | Found a faded altar of an unknown god.
   802 | Sewer    | Entered a sewer
   850 | Sewer    | Reached XP level 4. HP: 34/34 MP: 5/5
   919 | Sewer    | Reached skill level 1 in Conjurations
   919 | Sewer    | Reached skill level 1 in Hexes
   919 | Sewer    | Reached skill level 1 in Summonings
   919 | Sewer    | Reached skill level 1 in Necromancy
   919 | Sewer    | Reached skill level 1 in Translocations
   919 | Sewer    | Reached skill level 1 in Fire Magic
   919 | Sewer    | Reached skill level 1 in Ice Magic
   919 | Sewer    | Reached skill level 1 in Air Magic
   919 | Sewer    | Reached skill level 1 in Earth Magic
   919 | Sewer    | Reached skill level 1 in Alchemy
  1196 | Sewer    | Noticed a bullfrog
  1196 | Sewer    | Noticed a bullfrog
  1207 | Sewer    | Killed a bullfrog
  1208 | Sewer    | Reached XP level 5. HP: 41/41 MP: 5/7
  1250 | Sewer    | Reached XP level 6. HP: 47/47 MP: 8/8
  1535 | D:2      | Reached skill level 5 in Dodging
  2708 | D:4      | Noticed Grinder
  2935 | D:4      | Found a staircase to the Ecumenical Temple.
  2944 | Temple   | Entered the Ecumenical Temple
  3165 | D:4      | Killed Grinder
  3166 | D:4      | Reached XP level 7. HP: 51/53 MP: 10/10
  3208 | D:5      | Entered Level 5 of the Dungeon
  3790 | D:5      | Reached XP level 8. HP: 60/60 MP: 12/12
  4202 | D:5      | Found Rewauqud's Antique Weapon Shoppe.
  4528 | D:6      | Found an ornate altar of the Wu Jian Council.
  4540 | D:6      | Found a white marble altar of Elyvilon.
  4551 | D:6      | Became a worshipper of the Wu Jian Council
  4850 | D:7      | Noticed Menkaure
  5116 | D:6      | Reached XP level 9. HP: 66/66 MP: 14/14
  5682 | D:7      | Reached skill level 5 in Fighting
  5852 | D:6      | Upgraded the game from 0.32-a0-38-gb04dd89b9b to
                  | 0.32-a0-40-g2adb59ae06
  6398 | D:7      | Killed Menkaure
  6527 | D:7      | Reached skill level 5 in Invocations
  6696 | D:8      | Reached * piety under Wu Jian
  6992 | D:9      | Noticed a hornet
  7005 | D:8      | Killed a hornet
  7210 | D:8      | Reached skill level 5 in Short Blades
  7210 | D:8      | Reached skill level 5 in Long Blades
  7210 | D:8      | Reached skill level 5 in Axes
  7210 | D:8      | Reached skill level 5 in Maces & Flails
  7210 | D:8      | Reached skill level 5 in Polearms
  7210 | D:8      | Reached skill level 5 in Staves
  7210 | D:8      | Reached skill level 5 in Ranged Weapons
  7210 | D:8      | Reached skill level 5 in Throwing
  7210 | D:8      | Reached skill level 5 in Armour
  7210 | D:8      | Reached skill level 5 in Stealth
  7210 | D:8      | Reached skill level 5 in Shields
  7210 | D:8      | Reached skill level 5 in Spellcasting
  7210 | D:8      | Reached skill level 5 in Evocations
  7210 | D:8      | Reached XP level 10. HP: 72/76 MP: 17/17
  7229 | D:8      | Slain by a yak

Illustrated notes

Levels and vault maps discovered:
D:1:      dpeg_arrival_rhombus, layout_rooms, dreamdust_wishing_well,
          minmay_ruptured
D:2:      minmay_spotlight, layout_rooms
D:3:      layout_loops_corners, makhleb_altar_promises_db, portal_sewer_entry_a,
          chequers_ecumenical_altar_simple, roderic_serpentine_path
D:4:      layout_rooms, minmay_temple_entry_large_hall, uniq_grinder
D:5:      layout_gridville, serial_shops, nicolae_shop_tiny_statue_garden
D:6:      layout_rooms, jmf_multi_god_temple, kennysheep_nub,
          minmay_misc_feat_doors
D:7:      layout_basic, uniq_menkaure
D:8:      layout_rooms, nzn_life_drinkers
D:9:      layout_cave_pods, erik_lair_orcish_takeover
Temple:   nicolae_temple_bog_church

Skill      XL: |  1  2  3  4  5  6  7  8  9 10 |
---------------+-------------------------------+-----
Invocations    | 1 2 3 4 5 |  5.6
Short Blades   | 1 2 3 5 |  5.1
Long Blades    | 1 2 3 5 |  5.1
Axes           | 1 2 3 5 |  5.1
Maces & Flails | 1 2 3 5 |  5.1
Polearms       | 1 2 3 5 |  5.1
Staves         | 1 2 3 5 |  5.1
Ranged Weapons | 1 2 3 5 |  5.1
Throwing       | 1 2 3 5 |  5.1
Armour         | 1 2 3 5 |  5.1
Stealth        | 1 2 3 5 |  5.1
Shields        | 1 2 3 5 |  5.1
Spellcasting   | 1 2 3 5 |  5.1
Evocations     | 1 2 3 5 |  5.1
Conjurations   | 1 2 3 4 |  4.2
Hexes          | 1 2 3 4 |  4.2
Summonings     | 1 2 3 4 |  4.2
Necromancy     | 1 2 3 4 |  4.2
Translocations | 1 2 3 4 |  4.2
Fire Magic     | 1 2 3 4 |  4.2
Ice Magic      | 1 2 3 4 |  4.2
Air Magic      | 1 2 3 4 |  4.2
Earth Magic    | 1 2 3 4 |  4.2
Alchemy        | 1 2 3 4 |  4.2
Fighting       | 3 4 5 |  5.8
Dodging        | 5 6 7 |  7.0
Unarmed Combat | 7 8 |  8.4
Shapeshifting  | 7 8 |  8.1

Action                     |  1- 3 |  4- 6 |  7- 9 | 10-12 || total
---------------------------+-------+-------+-------+-------++-------
  Melee: Unarmed           |    20 |    49 |   120 |    18 ||   207
         Punch             |     1 |     3 |    10 |     2 ||    16
         Bite              |     1 |     4 |     6 |     1 ||    12
   Fire: Arbalest          |    69 |   122 |   131 |     1 ||   323
  Throw: Boomerang         |       |       |     1 |       ||     1
Ability: Lunge             |       |       |     7 |       ||     7
         Whirlwind         |       |       |     3 |       ||     3
    Use: Scroll            |     4 |     6 |     7 |       ||    17
         Potion            |       |     2 |     2 |       ||     4
   Stab: Sleeping          |       |       |     1 |       ||     1
 Armour: Animal skin       |    24 |       |       |       ||    24
         Ring mail         |    10 |    48 |   117 |    13 ||   188
         Skin              |       |    17 |       |       ||    17
  Dodge: Dodged            |    46 |    49 |   110 |     3 ||   208
  Block: Other             |       |     3 |    30 |       ||    33

Table legend: (Time is in decaauts)
 A = Elapsed time spent in this place.
 B = Non-inter-level travel time spent in this place.
 C = Inter-level travel time spent in this place.
 D = Time resting spent in this place.
 E = Time spent auto-exploring this place.
 F = Levels seen in this place.
 G = Mean time per level.
                   A        B        C        D        E       F      G
               +--------+--------+--------+--------+--------+-----+--------+
         Total |   7566 |   7388 |    178 |   1183 |   3381 |  11 |  687.8 |
       Dungeon |   6795 |   6617 |    178 |   1036 |   3205 |   9 |  755.0 |
        Temple |    159 |    159 |      0 |      0 |      0 |   1 |  159.0 |
         Sewer |    611 |    611 |      0 |    147 |    176 |   1 |  611.0 |
               +--------+--------+--------+--------+--------+-----+--------+

Top non-repeatable levels by time:
     D:6: 1082 daAuts
     D:5: 1079 daAuts
     D:7: 1040 daAuts
     D:3: 1027 daAuts
     D:4: 689 daAuts
     D:1: 662 daAuts
     D:2: 655 daAuts
   Sewer: 611 daAuts
     D:8: 551 daAuts
  Temple: 159 daAuts
     D:9: 6 daAuts
